 Dungeon Crawl Stone Soup version 0.25-a0-458-g6fc7858b95 (webtiles) character file.

Game seed: 15498626272983040500, levelgen mode: deterministic

39 Lugonue the Conjurer (level 3, -5/26 HPs)
             Began as a Draconian Conjurer on Feb 3, 2020.
             Slain by Crazy Yiuf
             ... wielding a +4 quarterstaff of chaos
              (10 damage)
             ... on level 2 of the Dungeon.
             The game lasted 00:03:33 (1155 turns).

Lugonue the Conjurer (Draconian Conjurer)           Turns: 1155, Time: 00:03:33

Health: -5/26      AC:  5    Str: 10    XL:     3   Next: 28%
Magic:  0/6        EV: 12    Int: 16    God:
Gold:   48         SH:  0    Dex: 11    Spells: 3/6 levels left

rFire    . . .     SeeInvis .   (no weapon)
rCold    . . .     Gourm    .   (no shield)
rNeg     . . .     Faith    .   (armour unavailable)
rPois    .         Spirit   .   (helmet restricted)
rElec    .         Reflect  .   (no cloak)
rCorr    .         Harm     .   (no gloves)
MR       .....                  (no boots)
Stlth    ++........             (no amulet)
HPRegen  0.08/turn              (no ring)
MPRegen  0.10/turn              (no ring)

@: hasted, very quick
A: unfitting armour, cold-blooded, AC +5
a: no special abilities


You were on level 2 of the Dungeon.
You were not hungry.

You visited 1 branch of the dungeon, and saw 3 of its levels.

You collected 48 gold pieces.

Inventory:

Scrolls
 d - a scroll of identify
 f - a scroll of fog
Potions
 a - 2 potions of lignification
 c - a potion of curing
 e - a potion of magic {unknown}
Comestibles
 b - 2 rations


   Skills:
 + Level 1.8 Dodging
 + Level 2.1 Stealth
 + Level 0.1 Unarmed Combat
 + Level 2.3 Spellcasting
 + Level 4.7 Conjurations


You had 3 spell levels left.
You knew the following spells:

 Your Spells              Type           Power        Failure   Level  Hunger
a - Magic Dart            Conj           ###.         2%          1    #......
b - Searing Ray           Conj           ###...       4%          2    ###....

Your spell library contained the following spells:

 Spells                   Type           Power        Failure   Level  Hunger
 Dazzling Flash           Conj/Hex       #.....       22%         3    ###....
 Fulminant Prism          Conj/Hex       #.........   58%         4    #####..
 Iskenderun's Mystic Bla  Conj/Tloc      #.......     58%         4    #####..


Dungeon Overview and Level Annotations

Branches:
Dungeon (3/15)

Altars:
Ashenzari
Okawaru
Sif Muna

Annotations:
D:2 Crazy Yiuf, Sigmund
D:3 Terence


Innate Abilities, Weirdness & Mutations

Your plain brown scales are hard. (AC +5)
You cannot fit into any form of body armour.
You are cold-blooded and may be slowed by cold attacks.


Message History

You finish channeling your searing ray.
You feel yourself speed up. Crazy Yiuf barely misses you.
Casting: Searing Ray (safe; 4% risk of failure)
Confirm with . or Enter, or press ? or * to list all spells.
Aiming: Magic Dart (safe; 2% risk of failure)
Press: ? - help, Shift-Dir - straight line, f/p - Crazy Yiuf
Aim: Crazy Yiuf, wielding a +4 quarterstaff of chaos and wearing a +2 cloak (almost dead)
The magic dart hits Crazy Yiuf.
Crazy Yiuf is almost dead.
You barely miss Crazy Yiuf.
Crazy Yiuf is almost dead.
Crazy Yiuf barely misses you.
Okay, then.
You hit Crazy Yiuf but do no damage.
Crazy Yiuf is almost dead.
You hit Crazy Yiuf but do no damage.
Crazy Yiuf is almost dead.
Crazy Yiuf hits you with a +4 quarterstaff of chaos!
You die...

#....####..#..#
#+..+#
#....####
♣....♣
#...[...#
♣...♣♣
#..)###.####
♣♣.♣♣ #...#
#..(.. ♣.♣♣
###########.
♣♣.♣
#........†..
♣.♣♣
############
♣♣@♣ #g# ...
#...# #..)#
#####


You could see Crazy Yiuf.

Vanquished Creatures
  An adder (D:3)
  A worm (D:2)
  2 leopard geckos (D:1)
  A ball python (D:3)
  2 giant cockroaches
  5 goblins
  3 hobgoblins
  3 bats
  A frilled lizard (D:1)
  3 kobolds (D:1)
  4 rats
26 creatures vanquished.

Notes
Turn   | Place    | Note
-------+----------+-------------------------------------------
     0 | D:1      | Lugonue the Draconian Conjurer began the quest for the Orb.
     0 | D:1      | Reached XP level 1. HP: 14/14 MP: 3/3
   205 | D:1      | Reached XP level 2. HP: 7/20 MP: 1/5
   468 | D:1      | Learned a level 2 spell: Searing Ray
   540 | D:2      | Noticed Sigmund
   883 | D:3      | Found a shimmering blue altar of Sif Muna.
   883 | D:3      | Found a shattered altar of Ashenzari.
   883 | D:3      | Found an iron altar of Okawaru.
  1000 | D:3      | Found an iron altar of Okawaru.
  1051 | D:3      | Reached XP level 3. HP: 21/26 MP: 0/6
  1101 | D:3      | Noticed Terence
  1129 | D:2      | Found a runed translucent door.
  1130 | D:2      | Noticed Crazy Yiuf
  1155 | D:2      | Slain by Crazy Yiuf

Levels and vault maps discovered:
D:1:      roderic_chinese_lattice_arrival, layout_rooms, minmay_tall_x
D:2:      layout_rooms, chequers_ecumenical_altar_island,
          uniq_crazy_yiuf_cottage, uniq_sigmund
D:3:      layout_loops_ring, gammafunk_temple_overflow_forgotten,
          okawaru_gym_becter, uniq_terence

Skill      XL: |  1  2 |
---------------+-------+-----
Stealth        | 2 |  2.1
Dodging        | |  1.8
Unarmed Combat | |  0.1
Spellcasting   | |  2.3
Conjurations   | |  4.7

Action                   || total
-------------------------++-------
Melee: Unarmed           ||    47
       Tailslap          ||     5
 Cast: Magic Dart        ||    27
       Searing Ray       ||     3
  Use: Potion            ||     3
       Scroll            ||     4
 Stab: Sleeping          ||     1
  Eat: Chunk             ||     1
Armor: Skin              ||    14
Dodge: Dodged            ||    49

Table legend:
 A = Non-vault XP
 B = Vault XP
 C = Vault XP percentage of total XP
 D = Non-vault monster count
 E = Vault monster count
 F = Vault count percentage of total count
                 A         B        C        D         E       F
            +---------+---------+-------+---------+---------+-------
      Total |      51 |       6 |  10.5 |      22 |       4 |  15.4
            +---------+---------+-------+---------+---------+-------
        D:1 |      17 |       6 |  26.1 |      10 |       4 |  28.6
        D:2 |      10 |       0 |   0.0 |       4 |       0 |   0.0
        D:3 |      24 |       0 |   0.0 |       8 |       0 |   0.0
            +---------+---------+-------+---------+---------+-------
